 Dungeon Sprint DCSS version 0.26-a0-710-g95a0c6c400 (webtiles) character file.

Game seed: 6693769446747731274

40194 mhtbhm the Phalangite (level 14, -14/175 HPs)
             Began as an Octopode Berserker on Oct 30, 2020.
             Was the Champion of Trog.
             Demolished by Agnes
             ... wielding a +0 vampiric lajatang
              (21 damage)
             ... in the Dungeon (Sprint IX: "|||||||||||||||||||||||||||||").
             The game lasted 00:09:54 (4585 turns).

mhtbhm the Phalangite (Octopode Berserker)          Turns: 4585, Time: 00:09:54

Health: -14/175    AC:  1    Str: 20    XL:     14   Next: 9%
Magic:  14/14      EV: 29    Int: 12    God:    Trog [******]
Gold:   17         SH:  0    Dex: 22    Spells: 13/13 levels left

rFire    . . .     SeeInvis +   a - +5 demon trident of Fundamental Breach {vorpal, rElec Dex+2}
rCold    . . .     Faith    .   (no shield)
rNeg     . . .     Spirit   .   (helmet restricted)
rPois    +         Reflect  .   (no amulet)
rElec    +         Harm     .   k - +3 ring of dexterity
rCorr    +         Rampage  .   l - +3 ring of dexterity
MR       +....     NoTele   +   p - ring of resist corrosion
Stlth    ..........             q - ring of poison resistance
HPRegen  0.39/turn              r - ring of see invisible
MPRegen  0.14/turn              (no ring)
                                (no ring)
                                (no ring)

@: berserking, very quick
A: almost no armour, stealthy swim, amphibious, 8 rings, constrict 8, tentacle
spike 1, camouflage 1, agile 1, clever 1, gelatinous body 1
a: Berserk, Trog's Hand, Brothers in Arms, Renounce Religion


You were in the Dungeon.
You worshipped Trog.
Trog was exalted by your worship.
You visited 1 branch You collected 1926 gold pieces.
You spent 1909 gold pieces at shops.

Inventory:

Hand Weapons
 a - the +5 demon trident of Fundamental Breach (weapon) {vorpal, rElec Dex+2}
   (Trog gifted it to you in the Dungeon)

   It inflicts extra damage upon your enemies.
   It affects your dexterity (+2).
   It insulates you from electricity.
Missiles
 o - 6 javelins (quivered)
Jewellery
 k - a +3 ring of dexterity (left tentacle)
 l - a +3 ring of dexterity (right tentacle)
 p - a ring of resist corrosion (on tentacle)
 q - a ring of poison resistance (on tentacle)
 r - a ring of see invisible (on tentacle)
 v - an uncursed ring of fire
Wands
 j - a wand of acid (4)
 w - a wand of polymorph (9)
Scrolls
 g - 4 scrolls of blinking
 i - 6 scrolls of remove curse
 m - 6 scrolls of enchant armour
 n - a scroll of identify
 y - a scroll of fear
Potions
 b - 8 potions of curing
 c - 3 potions of invisibility
 d - 3 potions of haste
 e - 4 potions of magic
 f - 4 potions of berserk rage
 h - 7 potions of heal wounds
 s - a potion of experience
 t - 2 potions of might
 u - 2 potions of resistance
 x - a potion of mutation


   Skills:
 + Level 18.9 Fighting
 + Level 22.2 Polearms
 + Level 8.2 Throwing
 + Level 16.5 Dodging
 + Level 14.2 Stealth
 + Level 5.5 Evocations


You had 13 spell levels left.
You didn't know any spells.
Your spell library was empty.

Dungeon Overview and Level Annotations

Branches:
Dungeon (1/1)

Altars:
Cheibriados
Dithmenos
Elyvilon
Fedhas
Gozag
Hepliaklqana
Kikubaaqudgha
Makhleb
Nemelex Xobeh
Okawaru
Qazlal
Ru
Sif Muna
Trog
Uskayaw
Vehumet
Wu Jian
Xom
Yredelemnul
Zin
The Shining One
Beogh
Jiyva
Lugonu

Shops:
D *!![

Annotations:
D Agnes


Innate Abilities, Weirdness & Mutations

You cannot wear most types of armour.
You are very stealthy in the water. (Stealth+)
You are amphibious.
You can wear up to eight rings at the same time.
You can use your tentacles to constrict eight enemies at once.
Your skin changes colour to match your surroundings (Stealth+).
Your rubbery body absorbs attacks. (AC +1, EV +1)
One of your tentacles bears a spike.
You are agile. (Dex +2)
Your mind is acute. (Int +2)


Message History

You are too injured to fight recklessly!
You are too injured to fight recklessly!
You are too injured to fight recklessly!
You are too injured to fight recklessly!
You are too injured to fight recklessly!
You are too injured to fight recklessly!
A red film seems to cover your vision as you go berserk!
You feel yourself moving faster!
You feel mighty!
You constrict Agnes. Agnes misses you.
You barely miss Agnes.
Your tentacle spike misses Agnes.
Agnes is heavily wounded.
You constrict Agnes.
Agnes hits you with a +0 vampiric lajatang!!!
* * * LOW HITPOINT WARNING * * *
Agnes draws strength from your wounds!
You impale Agnes!!
Your tentacle spike misses Agnes.
Agnes is heavily wounded.
You constrict Agnes.
Agnes hits you with a +0 vampiric lajatang!!
You die...

.▓.▓.▓.▓.▓.▓.▓.▓
.▓.▓.▓.▓.▓.▓.▓.▓.▓
.▓)▓.▓)▓.▓"▓.▓.▓.▓
.▓.▓)▓)▓.▓.▓.▓.▓.▓
.▓?▓.▓.▓.▓)▓.▓)▓.▓
.▓.▓.▓)▓.▓)▓.▓)▓.▓
.▓.▓.▓)▓.▓)▓.▓.▓.▓
.▓.▓.▓)▓.▓[▓.▓)▓i▓
.▓.▓.▓)▓)▓)▓.▓.▓@▓
.▓.▓.▓)▓.▓)▓.▓.▓.▓
.▓÷▓.▓)▓.▓)▓.▓.▓.▓
.▓)▓.▓.▓.▓)▓.▓.▓.▓
.▓.▓.▓.▓.▓.▓.▓.▓.▓
.▓÷▓.▓.▓.▓[▓.▓.▓.▓
.▓.▓.▓.▓.▓[▓.▓'▓.▓
.▓.▓.▓)▓.▓[▓.▓)▓.▓
.▓.▓.▓)▓.▓[▓.▓.▓.▓


You could see Agnes.

Vanquished Creatures
  Rupert (D)
  A sphinx (D)
  A fire giant (D)
  A frost giant (D)
  Aizul (D)
  An entropy weaver (D)
  2 stone giants (D)
  A spark wasp (D)
  A merfolk impaler (D)
  Erolcha (D)
  2 hydras (D)
  2 anacondas (D)
  An ogre mage (D)
  2 alligators (D)
  A deep troll shaman (D)
  2 tengu warriors (D)
  A two-headed ogre (D)
  A deep troll earth mage (D)
  Urug (D)
  An orc high priest (D)
  A spriggan (D)
  A salamander mystic (D)
  A spriggan druid (D)
  A wizard (D)
  2 orc knights (D)
  An orb spider (D)
  A harpy (D)
  An ugly thing (D)
  A manticore (D)
  7 orc sorcerers (D)
  2 elephants (D)
  A cyclops (D)
  A water nymph (D)
  4 black mambas (D)
  4 cane toads (D)
  A komodo dragon (D)
  A tengu conjurer (D)
  3 trolls (D)
  3 jumping spiders (D)
  2 merfolk (D)
  2 hornets (D)
  A blink frog (D)
  2 snapping turtles (D)
  3 yaks (D)
  A shadow (D)
  A wyvern (D)
  3 redbacks (D)
  A water elemental (D)
  A vampire mosquito (D)
  An insubstantial wisp (D)
  2 wargs (D)
  3 nagas (D)
  2 hell hounds (D)
  A water moccasin (D)
  A swamp drake (D)
  7 orc warriors (D)
  A black bear (D)
  2 ogres (D)
  6 wolves (D)
  2 centaurs (D)
  4 bullfrogs (D)
  2 orc priests (D)
  A hound (D)
  8 orc wizards (D)
  A gnoll (D)
  An adder (D)
  A shadow imp (D)
  9 orcs (D)
  A bat (D)
  2 giant cockroaches (D)
  A jackal (D)
  A frilled lizard (D)
  A goblin (D)
  A jackal skeleton (D)
141 creatures vanquished.

Vanquished Creatures (collateral kills)
  2 orc warriors (D)
2 creatures vanquished.

Grand Total: 143 creatures vanquished

Notes
Turn   | Place    | Note
-------+----------+-------------------------------------------
     0 | D        | mhtbhm the Octopode Berserker began the quest for the Orb.
     0 | D        | Reached XP level 1. HP: 16/16 MP: 1/1
     9 | D        | Reached ** piety under Trog
    15 | D        | Reached skill level 4 in Polearms
    15 | D        | Reached XP level 2. HP: 11/22 MP: 2/2
   263 | D        | Noticed an ogre
   267 | D        | Reached *** piety under Trog
   267 | D        | Reached XP level 3. HP: 27/27 MP: 3/3
   274 | D        | Killed an ogre
   274 | D        | Reached skill level 6 in Polearms
   274 | D        | Reached XP level 4. HP: 36/36 MP: 4/4
   274 | D        | Reached XP level 5. HP: 41/41 MP: 5/5
   281 | D        | Found a roughly hewn altar of Beogh.
   281 | D        | Found a snail-covered altar of Cheibriados.
   281 | D        | Found a shadowy altar of Dithmenos.
   281 | D        | Found a white marble altar of Elyvilon.
   281 | D        | Found a blossoming altar of Fedhas.
   281 | D        | Found an opulent altar of Gozag.
   282 | D        | Found a hazy altar of Hepliaklqana.
   283 | D        | Found a viscous altar of Jiyva.
   284 | D        | Found an ancient bone altar of Kikubaaqudgha.
   285 | D        | Found a corrupted altar of Lugonu.
   286 | D        | Found a burning altar of Makhleb.
   287 | D        | Found a sparkling altar of Nemelex Xobeh.
   288 | D        | Found an iron altar of Okawaru.
   289 | D        | Found a stormy altar of Qazlal.
   290 | D        | Found a sacrificial altar of Ru.
   291 | D        | Found a shimmering blue altar of Sif Muna.
   292 | D        | Found a bloodstained altar of Trog.
   293 | D        | Found a hide-covered altar of Uskayaw.
   294 | D        | Found a radiant altar of Vehumet.
   295 | D        | Found an ornate altar of the Wu Jian Council.
   296 | D        | Found a shimmering altar of Xom.
   297 | D        | Found a basalt altar of Yredelemnul.
   298 | D        | Found a glowing silver altar of Zin.
   299 | D        | Found a glowing golden altar of the Shining One.
   344 | D        | Noticed an ogre
   344 | D        | Noticed a yak
   344 | D        | Noticed a two-headed ogre
   347 | D        | Killed an ogre
   347 | D        | Reached **** piety under Trog
   347 | D        | Reached skill level 7 in Polearms
   347 | D        | Reached skill level 1 in Stealth
   353 | D        | Killed a yak
   353 | D        | Reached skill level 8 in Polearms
   353 | D        | Reached XP level 6. HP: 35/50 MP: 6/6
   356 | D        | Killed a two-headed ogre
   356 | D        | Reached skill level 10 in Fighting
   356 | D        | Reached skill level 11 in Polearms
   356 | D        | Reached skill level 10 in Dodging
   356 | D        | Reached XP level 7. HP: 28/59 MP: 7/7
   356 | D        | Reached XP level 8. HP: 31/64 MP: 8/8
   573 | D        | Noticed a tengu warrior
   573 | D        | Noticed a yak
   573 | D        | Noticed a tengu warrior
   573 | D        | Noticed a tengu conjurer
   579 | D        | Killed a tengu warrior
   579 | D        | Reached ***** piety under Trog
   579 | D        | Reached skill level 12 in Polearms
   579 | D        | Reached XP level 9. HP: 72/72 MP: 9/9
   598 | D        | Killed a tengu warrior
   598 | D        | Received a gift from Trog
   598 | D        | Reached skill level 13 in Polearms
   604 | D        | Killed a tengu conjurer
   747 | D        | Noticed Erolcha
   757 | D        | Killed Erolcha
   757 | D        | Reached skill level 14 in Polearms
   757 | D        | Reached XP level 10. HP: 81/81 MP: 10/10
   832 | D        | Gained mutation: You are agile. (Dex +2) [potion of
                  | mutation]
   832 | D        | Gained mutation: One of your tentacles bears a spike.
                  | [potion of mutation]
   832 | D        | Gained mutation: Your mind is acute. (Int +2) [potion of
                  | mutation]
   849 | D        | Noticed a cane toad
   860 | D        | Noticed a seven-headed hydra
   862 | D        | Killed a cane toad
   862 | D        | Received a gift from Trog
   864 | D        | Reached skill level 5 in Stealth
   871 | D        | Killed a ten-headed hydra
   871 | D        | Reached skill level 15 in Polearms
  1129 | D        | Noticed an elephant
  1129 | D        | Noticed an elephant
  1134 | D        | Reached ****** piety under Trog
  1134 | D        | Received a gift from Trog
  1134 | D        | Noticed a cane toad
  1136 | D        | Noticed a cane toad
  1137 | D        | Killed an elephant
  1141 | D        | Noticed a black mamba
  1143 | D        | Killed an elephant
  1143 | D        | Reached skill level 16 in Polearms
  1146 | D        | Killed a cane toad
  1146 | D        | Reached XP level 11. HP: 89/89 MP: 11/11
  1151 | D        | Received a gift from Trog
  1243 | D        | Reached skill level 17 in Polearms
  1249 | D        | Received a gift from Trog
  1362 | D        | Noticed Urug
  1372 | D        | Killed Urug
  1446 | D        | Received a gift from Trog
  1660 | D        | Noticed an orc knight
  1660 | D        | Noticed an orc knight
  1668 | D        | Killed an orc knight
  1669 | D        | Received a gift from Trog
  1672 | D        | Killed an orc knight
  1672 | D        | Reached skill level 18 in Polearms
  1672 | D        | Reached skill level 1 in Throwing
  1684 | D        | Noticed an orc high priest
  1688 | D        | Noticed a sixfirhy
  1688 | D        | Noticed a sixfirhy
  1700 | D        | Received a gift from Trog
  2081 | D        | Killed an orc high priest
  2149 | D        | Found Basatufryz's Assorted Antiques.
  2149 | D        | Noticed an orc sorcerer
  2149 | D        | Noticed an orc sorcerer
  2149 | D        | Noticed an orc sorcerer
  2149 | D        | Noticed an orc sorcerer
  2150 | D        | Paralysed by an orc sorcerer for 6 turns
  2151 | D        | Noticed an orc sorcerer
  2158 | D        | Killed an orc sorcerer
  2158 | D        | Killed an orc sorcerer
  2160 | D        | Killed an orc sorcerer
  2160 | D        | Received a gift from Trog
  2162 | D        | Noticed a soul eater
  2163 | D        | Noticed a sixfirhy
  2165 | D        | Killed an orc sorcerer
  2165 | D        | Reached skill level 19 in Polearms
  2167 | D        | Killed an orc sorcerer
  2167 | D        | Reached skill level 1 in Evocations
  2167 | D        | Reached XP level 12. HP: 29/97 MP: 12/12
  2445 | D        | Got a bloodstained demon trident {god gift}
  2446 | D        | Identified the +5 demon trident of Fundamental Breach
                  | {vorpal, rElec Dex+2} (Trog gifted it to you in the
                  | Dungeon)
  2448 | D        | Found Bilusat's Distillery.
  2452 | D        | Found Wiutebe's Distillery.
  2461 | D        | Found Tiray's Armour Shoppe.
  2474 | D        | Reached skill level 15 in Fighting
  2478 | D        | Received a gift from Trog
  2616 | D        | Bought a large bone ring for 150 gold pieces
  2616 | D        | Bought a small diamond ring for 150 gold pieces
  2616 | D        | Bought a pearl ring for 150 gold pieces
  2620 | D        | Bought a potion of experience for 500 gold pieces
  2620 | D        | Bought 2 potions of might for 80 gold pieces
  2620 | D        | Bought a potion of haste for 100 gold pieces
  2620 | D        | Bought 2 potions of invisibility for 160 gold pieces
  2622 | D        | Bought a potion of curing for 36 gold pieces
  2622 | D        | Bought a potion of curing for 36 gold pieces
  2622 | D        | Bought 2 potions of heal wounds for 120 gold pieces
  2622 | D        | Bought a potion of resistance for 120 gold pieces
  2626 | D        | Bought a potion of resistance for 100 gold pieces
  2630 | D        | Bought a scroll of identify for 60 gold pieces
  2630 | D        | Bought a viscous pink potion for 27 gold pieces
  2630 | D        | Bought an encrusted gold wand for 120 gold pieces
  2783 | D        | Noticed an ogre mage
  2786 | D        | Received a gift from Trog
  2790 | D        | Killed an ogre mage
  2791 | D        | Noticed a stone giant
  2797 | D        | Noticed a deep troll shaman
  2802 | D        | Noticed a frost giant
  2802 | D        | Noticed a fire giant
  2807 | D        | Killed a stone giant
  2807 | D        | Received a gift from Trog
  2807 | D        | Reached skill level 5 in Throwing
  2808 | D        | Killed a deep troll shaman
  2808 | D        | Reached skill level 20 in Polearms
  3148 | D        | Killed a frost giant
  3438 | D        | Killed a fire giant
  3438 | D        | Received a gift from Trog
  3501 | D        | Noticed a stone giant
  3510 | D        | Killed a stone giant
  3510 | D        | Reached skill level 10 in Stealth
  3530 | D        | Noticed a sphinx
  3531 | D        | Noticed a deep troll earth mage
  3542 | D        | Killed a sphinx
  3542 | D        | Reached skill level 15 in Dodging
  3542 | D        | Reached XP level 13. HP: 101/107 MP: 13/13
  3823 | D        | Noticed Aizul
  3838 | D        | Killed Aizul
  3838 | D        | Received a gift from Trog
  3838 | D        | Reached skill level 21 in Polearms
  4077 | D        | Noticed a merfolk impaler
  4079 | D        | Killed a merfolk impaler
  4098 | D        | Received a gift from Trog
  4100 | D        | Reached skill level 5 in Evocations
  4194 | D        | Noticed an entropy weaver
  4205 | D        | Noticed a spark wasp
  4207 | D        | Killed an entropy weaver
  4207 | D        | Received a gift from Trog
  4215 | D        | Killed a spark wasp
  4283 | D        | Received a gift from Trog
  4363 | D        | Received a gift from Trog
  4376 | D        | Reached skill level 22 in Polearms
  4381 | D        | Received a gift from Trog
  4385 | D        | Reached XP level 14. HP: 117/117 MP: 14/14
  4562 | D        | Noticed Rupert
  4566 | D        | Noticed Agnes
  4575 | D        | Killed Rupert
  4584 | D        | HP: 7/175 [Agnes/+0 vampiric lajatang (41)]
  4585 | D        | Demolished by Agnes

Illustrated notes

Levels and vault maps discovered:
D:        linesprint [early_d, line_temple, items_1, d_10, items_2, lair_1,
          lair_end, items_3, orc_1, orc_end, items_4, d_15, swamp_1, shoals_1,
          snake_1, spider_1, d_20, vaults_1, items_5, swamp_end, shoals_end,
          snake_end, spider_end, vaults_end, d_27, items_6, zot_1, zot_end,
          crypt_end, forest_end, elf_end, slime_end, tomb_end, abyss_end,
          pan_hell_end]

Skill      XL: |  1  2  3  4  5  6  7  8  9 10 11 12 13 14 |
---------------+-------------------------------------------+-----
Fighting       | 4 6 8 10 11 12 13 14 16 18 | 18.9
Polearms       | 4 6 8 11 12 14 16 19 20 22 | 22.2
Dodging        | 4 6 8 10 11 12 13 14 15 16 | 16.5
Stealth        | 1 2 3 4 6 8 10 13 14 | 14.2
Throwing       | 3 6 8 |  8.2
Evocations     | 1 4 5 |  5.5

Action                   |  1- 3 |  4- 6 |  7- 9 | 10-12 | 13-15 || total
-------------------------+-------+-------+-------+-------+-------++-------
Melee: Spear             |    21 |     1 |       |       |       ||    22
       Constrict         |     4 |       |     5 |    21 |    10 ||    40
       Tentacles         |     2 |     1 |     7 |    35 |    20 ||    65
       Halberd           |       |    11 |    38 |    25 |       ||    74
       Kick              |       |       |       |    57 |    29 ||    86
       Glaive            |       |       |       |    81 |       ||    81
       Demon trident     |       |       |       |    58 |   125 ||   183
Throw: Javelin           |       |       |       |    14 |     7 ||    21
Invok: Berserk           |     1 |     1 |     1 |    10 |     6 ||    19
       Brothers in Arms  |       |       |       |     1 |       ||     1
Evoke: Wand              |       |       |       |     6 |       ||     6
  Use: Potion            |     1 |       |       |     3 |       ||     4
       Scroll            |       |       |       |     3 |       ||     3
 Stab: Sleeping          |       |       |       |     2 |     3 ||     5
       Distracted        |       |       |       |     2 |       ||     2
Armor: Skin              |     2 |     1 |     4 |       |       ||     7
Dodge: Dodged            |     4 |     3 |    20 |    84 |    54 ||   165

Table legend: (Time is in decaauts)
 A = Elapsed time spent in this place.
 B = Non-inter-level travel time spent in this place.
 C = Inter-level travel time spent in this place.
 D = Time resting spent in this place.
 E = Time spent auto-exploring this place.
 F = Levels seen in this place.
 G = Mean time per level.
                   A        B        C        D        E       F      G
               +--------+--------+--------+--------+--------+-----+--------+
         Total |   4595 |   4595 |      0 |   2560 |    642 |   1 | 4595.0 |
       Dungeon |   4595 |   4595 |      0 |   2560 |    642 |   1 | 4595.0 |
               +--------+--------+--------+--------+--------+-----+--------+

Top non-repeatable levels by time:
       D: 4595 daAuts
